 Dungeon Crawl Stone Soup version 0.26.0-18-gc5c842f807 (webtiles) character file.

Game seed: 12908961231205616137

364 thiole the Sneak (level 6, -7/36 HPs)
             Began as an Octopode Hedge Wizard on Jan 23, 2021.
             Mangled by Grinder (8 damage)
             ... on level 4 of the Dungeon.
             The game lasted 00:09:18 (5096 turns).

thiole the Sneak (Octopode Hedge Wizard)            Turns: 5096, Time: 00:09:19

Health: -7/36      AC:  3    Str:  9    XL:     6   Next: 67%
Magic:  5/12       EV: 14    Int: 19    God:
Gold:   176        SH:  0    Dex: 17    Spells: 5/13 levels left

rFire    . . .     SeeInvis .   a - +0 dagger
rCold    . . .     Faith    .   (no shield)
rNeg     . . .     Spirit   .   b - +2 hat
rPois    .         Reflect  .   (no amulet)
rElec    .         Harm     .   k - ring of stealth
rCorr    .         Rampage  .   m - ring of teleportation (curse)
Will     .....     Rnd*Tele +   o - ring of wizardry
Stlth    +++++.....             l - +6 ring of dexterity
HPRegen  0.12/turn              (no ring)
MPRegen  0.13/turn              (no ring)
                                (no ring)
                                (no ring)

@: no status effects
A: almost no armour, stealthy swim, amphibious, 8 rings, constrict 8, camouflage
1, gelatinous body 1
a: no special abilities


You were on level 4 of the Dungeon.
You visited 1 branch of the dungeon, and saw 4 of its levels.

You collected 176 gold pieces.

Inventory:

Hand Weapons
 a - a +0 dagger (weapon)
 q - a +2 falchion of holy wrath
Armour
 b - a +2 hat (worn)
Jewellery
 k - a ring of stealth (left tentacle)
 l - a +6 ring of dexterity (on tentacle)
 m - a cursed ring of teleportation (right tentacle)
 o - a ring of wizardry (on tentacle)
Wands
 p - a wand of enslavement (5)
Scrolls
 c - 3 scrolls of teleportation
 e - 4 scrolls of fog
 g - a scroll of identify
 i - a scroll of enchant armour
Potions
 d - a potion of might
 f - a potion of magic
 h - a potion of curing
 j - a potion of heal wounds {unknown}
 n - a potion of mutation {unknown}


   Skills:
 - Level 2.0 Dodging
 + Level 4.9 Stealth
 + Level 4.1 Spellcasting
 * Level 3.9 Conjurations
 - Level 2.0 Summonings
 - Level 1.0 Translocations
 + Level 2.1 Air Magic


You had 5 spell levels left.
You knew the following spells:

 Your Spells              Type           Power        Failure   Level
a - Magic Dart            Conj           76%          1%          1
b - Call Imp              Summ           11%          3%          2
c - Slow                  Hex            3%           9%          2
d - Mephitic Cloud        Conj/Pois/Air  11%          8%          3

Your spell library contained the following spells:

 Spells                   Type           Power        Failure   Level
 Blink                    Tloc           N/A          6%          2
 Conjure Flame            Conj/Fire      11%          8%          3


Dungeon Overview and Level Annotations

Branches:
Dungeon (4/15)
 Temple: D:4-7

Altars:

Annotations:
D:4 Blork the orc, Grinder


Innate Abilities, Weirdness & Mutations

You cannot wear most types of armour.
You are very stealthy in the water. (Stealth+)
You are amphibious.
You can wear up to eight rings at the same time.
You can use your tentacles to constrict eight enemies at once.
Your skin changes colour to match your surroundings (Stealth+).
Your rubbery body absorbs attacks. (AC +1, EV +1)


Message History

Pain shoots through your body! Grinder hits you but does no damage.
Grinder hits you.
You writhe in agony.
Grinder hits you!
* * * LOW HITPOINT WARNING * * *
You writhe in agony.
* * * LOW HITPOINT WARNING * * *
You can move again.
You feel better.
Your iron imp disappears in a puff of smoke!
Grinder says, "FISH!"
Grinder hits you!
* * * LOW HITPOINT WARNING * * *
You writhe in agony.
* * * LOW HITPOINT WARNING * * *
Aiming: Enslavement
Press: ? - help, Shift-Dir - straight line, f/p - Grinder
Aim: Grinder (moderately wounded, chance to affect: 46%) Grinder resists with some effort.
Grinder hits you!
You die...

#....###########....
#....##.......##....
#.............#.....
#...................
#..............###..
#..............# #..
#....#####'###.###..
#....##.............
#..@5#..............
#...5#..............
#....#.........###..
#....#.........# #..
#....#######...###..
#....# ###......
#...(+ #........
#....# #........
#........


You could see Grinder and a friendly white imp (summoned).

Vanquished Creatures
  An ogre (D:3)
  A water moccasin skeleton (D:4)
  A bullfrog skeleton (D:3)
  An orc wizard (D:4)
  A worker ant (D:4)
  A worker ant zombie (D:3)
  Robin (D:3)
  5 adders
  3 dart slugs
  A leopard gecko (D:4)
  2 orcs (D:4)
  3 giant cockroaches (D:3)
  14 goblins
  9 hobgoblins
  5 jackals
  A ball python (D:4)
  12 bats
  2 frilled lizards
  4 kobolds
  A quokka skeleton (D:4)
  7 rats
76 creatures vanquished.

Vanquished Creatures (collateral kills)
  3 worker ants (D:4)
  2 orcs (D:4)
  4 goblins (D:3)
  A hobgoblin (D:3)
  A quokka (D:4)
11 creatures vanquished.

Vanquished Creatures (others)
  A plant (D:1)
1 creature vanquished.

Grand Total: 88 creatures vanquished

Notes
Turn   | Place    | Note
-------+----------+-------------------------------------------
     0 | D:1      | thiole the Octopode Hedge Wizard began the quest for the
                  | Orb.
     0 | D:1      | Reached XP level 1. HP: 11/11 MP: 4/4
   261 | D:1      | Reached XP level 2. HP: 7/17 MP: 0/6
  1117 | D:1      | Reached XP level 3. HP: 21/21 MP: 1/7
  2103 | D:2      | Found a faded altar of an unknown god.
  2201 | D:2      | Learned a level 2 spell: Call Imp
  2204 | D:2      | Learned a level 2 spell: Slow
  2208 | D:2      | Learned a level 3 spell: Mephitic Cloud
  2246 | D:3      | Noticed an ogre
  2256 | D:3      | Killed an ogre
  2257 | D:3      | Reached XP level 4. HP: 27/27 MP: 1/9
  2355 | D:3      | Reached skill level 1 in Air Magic
  2355 | D:3      | Reached XP level 5. HP: 31/31 MP: 2/10
  2744 | D:3      | Noticed Robin
  3076 | D:3      | Killed Robin
  3924 | D:4      | Reached XP level 6. HP: 33/36 MP: 4/11
  4568 | D:4      | Noticed Blork the orc
  5076 | D:4      | Noticed Grinder
  5090 | D:4      | Paralysed by Grinder for 5 turns
  5095 | D:4      | HP: 1/36 [Grinder (2)]
  5096 | D:4      | Mangled by Grinder

Illustrated notes

Levels and vault maps discovered:
D:1:      dpeg_arrival_pits, layout_loops_corners, chequers_big_river,
          chequers_serial_rivers_small_b, chequers_avenue
D:2:      layout_basic, chequers_ecumenical_altar_simple_redux, minivault_4
D:3:      layout_basic, minivault_14, uniq_robin
D:4:      layout_gridville, minmay_misc_feat_cross, uniq_blork_the_orc,
          uniq_grinder

Skill      XL: |  1  2  3  4  5  6 |
---------------+-------------------+-----
Stealth        | 3 4 |  4.9
Summonings     | 2 |  2.0
Conjurations   | 2 3 |  3.9
Air Magic      | 1 2 |  2.1
Spellcasting   | 4 |  4.1
Dodging        | |  2.0
Translocations | |  1.0

Action                   |  1- 3 |  4- 6 || total
-------------------------+-------+-------++-------
Melee: Dagger            |    13 |    56 ||    69
       Constrict         |     4 |    15 ||    19
       Tentacles         |     3 |     8 ||    11
 Cast: Magic Dart        |    72 |   107 ||   179
       Call Imp          |     3 |    24 ||    27
Evoke: Wand              |       |     1 ||     1
  Use: Scroll            |     4 |     7 ||    11
       Potion            |       |     9 ||     9
 Stab: Sleeping          |       |     1 ||     1
Armor: Skin              |       |    11 ||    11
Dodge: Dodged            |    13 |    83 ||    96
